 Dungeon Sprint DCSS version 0.26.1-2-gb8aa6d0cf2 (webtiles) character file.

Game seed: 5163740905599117528

1878 Groucho the Unseen (level 8, -8/36 HPs)
             Began as a Spriggan Enchanter on Feb 17, 2021.
             Was the Champion of Kikubaaqudgha.
             Mangled by a balrug
             ... wielding the cursed +14 obsidian axe {vorpal, +Fly SInv *Curse}
              (29 damage)
             ... in the Dungeon (Sprint VII: "The Pits").
             The game lasted 00:07:37 (2338 turns).

Groucho the Unseen (Spriggan Enchanter)             Turns: 2338, Time: 00:07:37

Health: -8/36      AC:  2    Str:  5    XL:     8   Next: 91%
Magic:  21/24      EV: 35    Int: 16    God:    Kikubaaqudgha [******]
Gold:   0          SH:  0    Dex: 18    Spells: 14/30 levels left

rFire    . . .     SeeInvis +   m - +2 dagger (elec)
rCold    . . .     Faith    .   (shield restricted)
rNeg     . . .     Spirit   .   b - +0 robe
rPois    .         Reflect  .   (helmet restricted)
rElec    .         Harm     .   (no cloak)
rCorr    .         Rampage  .   (gloves unavailable)
Will     +....     NoTele   +   (boots unavailable)
Stlth    ++++++....             (no amulet)
HPRegen  0.12/turn              n - +3 ring of evasion
MPRegen  0.19/turn              o - +3 ring of evasion

@: confusing touch, very quick
A: very small, unfitting armour, see invisible, speed 3
a: Renounce Religion, Receive Corpses, Torment, Brand Weapon With Pain, Receive
Necronomicon


You were in the Dungeon.
You worshipped Kikubaaqudgha.
Kikubaaqudgha was exalted by your worship.
You visited 1 branch

Inventory:

Hand Weapons
 a - a +2 dagger
 m - a +2 dagger of electrocution (weapon)
 q - a +2 rapier of venom
Armour
 b - a +0 robe (worn)
Jewellery
 n - a +3 ring of evasion (left hand)
 o - a +3 ring of evasion (right hand)
Scrolls
 i - a scroll of blinking
 j - 3 scrolls of remove curse
 k - 5 scrolls of amnesia
 l - a scroll of summoning
Potions
 c - 2 potions of invisibility
 d - 6 potions of curing
 e - 14 potions of heal wounds
 f - 3 potions of haste
 g - 3 potions of magic
 h - 3 potions of berserk rage
 p - 2 potions of brilliance


   Skills:
 - Level 1.1 Short Blades
 * Level 12.8 Dodging
 - Level 15.0 Stealth
 + Level 11.8 Spellcasting
 + Level 11.6 Hexes
 + Level 5.7 Necromancy


You had 14 spell levels left.
You knew the following spells:

 Your Spells              Type           Power        Failure   Level
a - Corona                Hex            51%          1%          1
b - Ensorcelled Hibernat  Hex/Ice        56%          1%          2
c - Confusing Touch       Hex            46%          1%          3
d - Tukima's Dance        Hex            46%          1%          3
e - Dispel Undead         Necr           27%          7%          4
f - Dazzling Flash        Conj/Hex       56%          1%          3

Your spell library contained the following spells:

 Spells                   Type           Power        Failure   Level
 Animate Skeleton         Necr           54%          1%          1
 Pain                     Necr           100%         1%          1
 Sublimation of Blood     Necr           13%          1%          2
 Vampiric Draining        Necr           13%          2%          3
 Agony                    Necr           27%          21%         5
 Excruciating Wounds      Necr           13%          21%         5
 Death Channel            Necr           13%          73%         6
 Simulacrum               Ice/Necr       9%           98%         6


Dungeon Overview and Level Annotations

Branches:
Dungeon (1/1)

Altars:
Ashenzari
Cheibriados
Dithmenos
Elyvilon
Fedhas
Gozag
Hepliaklqana
Kikubaaqudgha
Makhleb
Nemelex Xobeh
Okawaru
Qazlal
Ru
Sif Muna
Trog
Uskayaw
Vehumet
Wu Jian
Xom
Yredelemnul
Zin
The Shining One
Beogh
Jiyva
Lugonu

Annotations:
D Arachne


Innate Abilities, Weirdness & Mutations

You are very small and have problems with some larger weapons.
You are too small for most types of armour.
You have supernaturally acute eyesight. (SInv)
You cover ground extremely quickly.


Message History

Arachne is nearby!
You start waiting.
A balrug is nearby!
Casting: Confusing Touch (safe; 1% risk of failure)
Confirm with . or Enter, or press ? or * to list all spells.
Aiming: Ensorcelled Hibernation (safe; 1% risk of failure)
Press: ? - help, Shift-Dir - straight line, f - balrug
Aim: a balrug, wielding the +14 obsidian axe {vorpal, +Fly SInv *Curse} (wandering, hasn't noticed you, chance to affect: 0%)
Okay, then.
Casting: Ensorcelled Hibernation (safe; 1% risk of failure)
Confirm with . or Enter, or press ? or * to list all spells.
Your hands begin to glow red.
The balrug shouts!
The balrug gestures at you. Something smites you!
You barely miss the balrug.
The balrug hits you with the cursed +14 obsidian axe {vorpal, +Fly SInv *Curse}!!
Ouch! That really hurt!
You die...
Kikubaaqudgha rasps: "You have failed me!
Welcome... death!"

_______...###########''######
#########'##...........2....#
.?(.')))).##......#..#......#
#########.##................+
.))....)..['................+
)#####'#####......#..#......#
.#..#..#..##................#
.#..)..'..#####'#####'H######
.##+####)###...2@..##++#
.#........##.......##..#
.#........##.......##..#
.#####'#####...<...##o.#
.#...)))[.##.......##oo#
.#....))[.##.......##..#
'###########.......#
.......#†.##########
.......#)###########


You could see a balrug.

Vanquished Creatures
  A deep elf mage (D)
  An orc sorcerer (D)
  A troll (D)
  A shadow (D)
  Edmund (D)
  A floating eye (D)
  A black bear (D)
  An ice beast (D)
  Purgy (D)
  2 orc priests (D)
  A quasit (D)
  An iguana (D)
  An orc wizard (D)
  2 adders (D)
  An ufetubus (D)
  An ooze (D)
  3 orcs (D)
  A bat skeleton (D)
  A giant cockroach (D)
  A hobgoblin (D)
  3 jackals (D)
  A kobold (D)
  A ball python (D)
  A frilled lizard (D)
  A jackal skeleton (D)
31 creatures vanquished.

Notes
Turn   | Place    | Note
-------+----------+-------------------------------------------
     0 | D        | Groucho the Spriggan Enchanter began the quest for the Orb.
     0 | D        | Reached XP level 1. HP: 9/9 MP: 5/5
     8 | D        | Noticed a floating eye
    11 | D        | Killed a floating eye
    12 | D        | Reached skill level 13 in Stealth
    12 | D        | Reached XP level 2. HP: 13/13 MP: 6/6
    12 | D        | Reached XP level 3. HP: 16/16 MP: 8/8
    12 | D        | Reached XP level 4. HP: 21/21 MP: 9/9
    38 | D        | Found a bloodstained altar of Trog.
    38 | D        | Found a shimmering blue altar of Sif Muna.
    38 | D        | Found a viscous altar of Jiyva.
    38 | D        | Found a hazy altar of Hepliaklqana.
    38 | D        | Found an opulent altar of Gozag.
    39 | D        | Found a glowing golden altar of the Shining One.
    39 | D        | Found a glowing silver altar of Zin.
    39 | D        | Found a basalt altar of Yredelemnul.
    39 | D        | Found a shimmering altar of Xom.
    39 | D        | Found an ornate altar of the Wu Jian Council.
    39 | D        | Found a sacrificial altar of Ru.
    39 | D        | Found a stormy altar of Qazlal.
    39 | D        | Found an iron altar of Okawaru.
    39 | D        | Found a sparkling altar of Nemelex Xobeh.
    39 | D        | Found a burning altar of Makhleb.
    39 | D        | Found a blossoming altar of Fedhas.
    39 | D        | Found a white marble altar of Elyvilon.
    39 | D        | Found a shadowy altar of Dithmenos.
    39 | D        | Found a snail-covered altar of Cheibriados.
    41 | D        | Found a radiant altar of Vehumet.
    41 | D        | Found a corrupted altar of Lugonu.
    41 | D        | Found a roughly hewn altar of Beogh.
    42 | D        | Found a hide-covered altar of Uskayaw.
    42 | D        | Found an ancient bone altar of Kikubaaqudgha.
    42 | D        | Found a broken altar of Ashenzari.
    53 | D        | Became a worshipper of Kikubaaqudgha
    78 | D        | Learned a level 2 spell: Ensorcelled Hibernation
    82 | D        | Learned a level 3 spell: Confusing Touch
   101 | D        | Reached skill level 14 in Stealth
   102 | D        | Reached * piety under Kikubaaqudgha
   102 | D        | Identified Kikubaaqudgha's Tome of Unholy Rites
                  | (Kikubaaqudgha gifted it to you in the Dungeon)
   102 | D        | Received a gift from Kikubaaqudgha
   457 | D        | Reached ** piety under Kikubaaqudgha
   670 | D        | Reached *** piety under Kikubaaqudgha
   670 | D        | Identified Kikubaaqudgha's Papyrus of Evil Rites
                  | (Kikubaaqudgha gifted it to you in the Dungeon)
   670 | D        | Received a gift from Kikubaaqudgha
   677 | D        | Learned a level 3 spell: Tukima's Dance
  1056 | D        | Reached XP level 5. HP: 24/24 MP: 4/11
  1369 | D        | Noticed a black bear
  1369 | D        | Noticed Edmund
  1397 | D        | Killed Edmund
  1397 | D        | Reached **** piety under Kikubaaqudgha
  1398 | D        | Reached skill level 15 in Stealth
  1468 | D        | Reached XP level 6. HP: 28/28 MP: 11/17
  1583 | D        | Reached ***** piety under Kikubaaqudgha
  1589 | D        | Reached skill level 1 in Necromancy
  1820 | D        | Noticed an orc sorcerer
  1822 | D        | Killed an orc sorcerer
  1823 | D        | Reached skill level 10 in Spellcasting
  1823 | D        | Reached skill level 10 in Hexes
  1823 | D        | Reached XP level 7. HP: 32/32 MP: 20/22
  1824 | D        | Noticed a deep elf mage
  1824 | D        | Noticed Purgy
  1826 | D        | Killed Purgy
  1828 | D        | Killed a deep elf mage
  1829 | D        | Reached XP level 8. HP: 34/36 MP: 21/24
  1971 | D        | Noticed a troll
  1982 | D        | Killed a troll
  1983 | D        | Reached skill level 5 in Necromancy
  1997 | D        | Reached ****** piety under Kikubaaqudgha
  2152 | D        | Noticed a balrug
  2152 | D        | Noticed a stone giant
  2152 | D        | Noticed a stone giant
  2152 | D        | Noticed a guardian serpent
  2152 | D        | Noticed a deep elf mage
  2152 | D        | Noticed an orc knight
  2152 | D        | Noticed Arachne
  2152 | D        | Noticed a six-headed hydra
  2303 | D        | Learned a level 4 spell: Dispel Undead
  2307 | D        | Learned a level 3 spell: Dazzling Flash
  2338 | D        | Mangled by a balrug

Illustrated notes

Levels and vault maps discovered:
D:        pitsprint [storerooms_1, entrance_room_1, metal_vault_3, armoury_3,
          mini_pit_1, grid_room_1, main_hall_1, silver_pit, the_coven_3,
          the_vestibule_1, steel_vault_2, golden_pit, hallway_of_sentries,
          crystal_vault_5, iron_vault_4, final_vault]

Skill      XL: |  1  2  3  4  5  6  7  8 |
---------------+-------------------------+-----
Stealth        | 13 14 15 | 15.0
Spellcasting   | 3 7 10 11 | 11.8
Hexes          | 4 7 10 11 | 11.6
Dodging        | 9 11 12 | 12.8
Necromancy     | 3 4 5 |  5.7
Short Blades   | |  1.1

Action                   |  1- 3 |  4- 6 |  7- 9 || total
-------------------------+-------+-------+-------++-------
Melee: Dagger            |     1 |    39 |    15 ||    55
 Cast: Ensorcelled Hiber |       |    31 |     3 ||    34
       Confusing Touch   |       |     3 |     5 ||     8
       Corona            |       |     3 |       ||     3
  Use: Potion            |       |     1 |       ||     1
 Stab: Sleeping          |     1 |    19 |     4 ||    24
       Confused          |       |     2 |     2 ||     4
Armor: Robe              |       |     2 |       ||     2
Dodge: Dodged            |       |    23 |    15 ||    38
